 Dungeon Crawl Stone Soup version 0.27-a0-1154-gfdeffcb720 (webtiles) character file.

Game seed: 160102540004213043

127 freelancePsychic the Fighter (level 5, -5/54 HPs)
             Began as a Gnoll Wanderer on May 14, 2021.
             Slain by a gnoll
             ... wielding a +0 halberd
              (10 damage)
             ... on level 3 of the Dungeon.
             The game lasted 00:04:22 (2496 turns).

freelancePsychic the Fighter (Gnoll Wanderer)       Turns: 2496, Time: 00:04:23

Health: -5/54      AC:  8    Str:  6 (9)  XL:     5   Next: 11%
Magic:  7/7        EV:  9    Int: 15 (16) God:
Gold:   82         SH:  0    Dex:  8 (10) Spells: 6/6 levels left

rFire    . . .     SeeInvis .   a - +2 spear
rCold    . . .     Faith    .   (no shield)
rNeg     . . .     Spirit   .   c - +0 ring mail
rPois    .         Reflect  .   (no helmet)
rElec    .         Harm     .   e - +2 cloak
rCorr    .         Rampage  .   (no gloves)
Will     .....                  (no boots)
Stlth    +.........             (no amulet)
HPRegen  0.18/turn              (no ring)
MPRegen  0.10/turn              (no ring)

@: attractive
A: fangs 1, strong nose, distributed training
a: no special abilities


You were on level 3 of the Dungeon.
You visited 1 branch of the dungeon, and saw 3 of its levels.

You collected 82 gold pieces.

Inventory:

Hand Weapons
 a - a +2 spear (weapon)
 b - a +0 hunting sling
Missiles
 o - 15 poisoned darts (quivered)
 q - 51 stones
Armour
 c - a +0 ring mail (worn)
 e - a +2 cloak (worn)
Magical Staves
 h - a staff of death
Scrolls
 f - 2 scrolls of identify {unknown}
 g - 2 scrolls of magic mapping {unknown}
 j - 2 scrolls of amnesia {unknown}
 k - 2 scrolls of teleportation {unknown}
Potions
 d - a potion of degeneration
 i - 2 potions of attraction
 l - a potion of haste {unknown}
 m - a potion of might {unknown}
 n - a potion of curing {unknown}
 p - 2 potions of lignification {unknown}


   Skills:
 + Level 10.4 Fighting
 + Level 1.3 Short Blades
 + Level 1.3 Long Blades
 + Level 1.3 Axes
 + Level 1.3 Maces & Flails
 + Level 2.9 Polearms
 + Level 1.3 Staves
 + Level 1.3 Slings
 + Level 1.3 Bows
 + Level 1.3 Crossbows
 + Level 4.7 Throwing
 + Level 2.9 Armour
 + Level 2.9 Dodging
 + Level 1.3 Stealth
 + Level 1.3 Shields
 + Level 1.3 Unarmed Combat
 + Level 1.3 Spellcasting
 + Level 1.1 Conjurations
 + Level 1.1 Hexes
 + Level 1.1 Summonings
 + Level 1.1 Necromancy
 + Level 1.1 Translocations
 + Level 1.1 Transmutations
 + Level 1.1 Fire Magic
 + Level 1.1 Ice Magic
 + Level 1.1 Air Magic
 + Level 1.1 Earth Magic
 + Level 1.1 Poison Magic
 + Level 1.5 Invocations
 + Level 1.3 Evocations


You had 6 spell levels left.
You didn't know any spells.
Your spell library was empty.

Dungeon Overview and Level Annotations

Branches:
Dungeon (3/15)

Altars:

Shops:
D:1 [


Innate Abilities, Weirdness & Mutations

You have very sharp teeth.
Your uncanny sense of smell can sniff out nearby items.
Your experience applies equally to all skills.


Message History

You barely miss the hobgoblin. The hobgoblin hits you.
The gnoll hits you from afar with a +0 halberd.
You hit the hobgoblin.
You bite the hobgoblin, but do no damage.
The hobgoblin is severely wounded.
The hobgoblin hits you but does no damage.
The gnoll hits you from afar with a +0 halberd.
* * * LOW HITPOINT WARNING * * *
You completely miss the hobgoblin.
The hobgoblin is severely wounded.
The gnoll hits you but does no damage.
The hobgoblin hits you but does no damage.
You hit the hobgoblin.
You kill the hobgoblin!
The gnoll closely misses you. The dart slug launches a dart at you.
The slug dart hits you but does no damage.
You hit the dart slug but do no damage.
The gnoll hits you from afar with a +0 halberd!
* * * LOW HITPOINT WARNING * * *
The dart slug launches a dart at you. The slug dart misses you.
The slug dart hits the gnoll.
You hit the dart slug.
The dart slug is moderately wounded.
The gnoll hits you but does no damage.
You hit the dart slug.
The dart slug is severely wounded.
The dart slug bites you but does no damage.
The gnoll hits you from afar with a +0 halberd.
* * * LOW HITPOINT WARNING * * *
It was a potion of attraction.
You feel attractive to monsters. The dart slug launches a dart at you.
The slug dart misses you.
The slug dart hits the gnoll.
The gnoll barely misses you. The gnoll is pulled toward you!
It was a potion of degeneration.
There was something very wrong with that liquid.
You feel weakened.
You feel dopey.
You feel clumsy. The gnoll hits you with a +0 halberd!
You die...

###.≈≈≈≈.≈≈≈≈≈..####
#................#
###.#.##########.#
#....g...# #
########.# #g# #.# #
#.#####.# #...g@w.#
#######.# #


You could see a gnoll and a dart slug.

Vanquished Creatures
  Robin (D:2)
  2 gnolls (D:3)
  3 adders
  An adder zombie (D:2)
  2 dart slugs (D:1)
  2 orcs
  8 ball pythons
  2 endoplasms (D:2)
  A giant cockroach (D:1)
  8 hobgoblins
  A quokka (D:1)
  9 bats
  A frilled lizard (D:1)
  10 goblins
  5 kobolds
  5 rats
61 creatures vanquished.

Notes
Turn   | Place    | Note
-------+----------+-------------------------------------------
     0 | D:1      | Reached skill level 10 in Fighting
     0 | D:1      | freelancePsychic the Gnoll Wanderer began the quest for the
                  | Orb.
     0 | D:1      | freelancePsychic set off with the following items: a +2
                  | spear, a +0 falchion, a +0 ring mail
     0 | D:1      | Reached XP level 1. HP: 28/28 MP: 1/1
   388 | D:1      | Reached XP level 2. HP: 34/36 MP: 2/2
   667 | D:1      | Found Piuhu's Armour Emporium.
   820 | D:1      | Found a faded altar of an unknown god.
   905 | D:1      | Reached XP level 3. HP: 42/42 MP: 3/3
  1167 | D:2      | Reached skill level 1 in Invocations
  1356 | D:2      | Reached skill level 1 in Short Blades
  1356 | D:2      | Reached skill level 1 in Long Blades
  1356 | D:2      | Reached skill level 1 in Axes
  1356 | D:2      | Reached skill level 1 in Maces & Flails
  1356 | D:2      | Reached skill level 1 in Staves
  1356 | D:2      | Reached skill level 1 in Slings
  1356 | D:2      | Reached skill level 1 in Bows
  1356 | D:2      | Reached skill level 1 in Crossbows
  1356 | D:2      | Reached skill level 1 in Stealth
  1356 | D:2      | Reached skill level 1 in Shields
  1356 | D:2      | Reached skill level 1 in Unarmed Combat
  1356 | D:2      | Reached skill level 1 in Spellcasting
  1356 | D:2      | Reached skill level 1 in Evocations
  1426 | D:2      | Reached XP level 4. HP: 48/48 MP: 5/5
  1836 | D:3      | Noticed Robin
  2103 | D:2      | Killed Robin
  2104 | D:2      | Reached skill level 1 in Conjurations
  2104 | D:2      | Reached skill level 1 in Hexes
  2104 | D:2      | Reached skill level 1 in Summonings
  2104 | D:2      | Reached skill level 1 in Necromancy
  2104 | D:2      | Reached skill level 1 in Translocations
  2104 | D:2      | Reached skill level 1 in Transmutations
  2104 | D:2      | Reached skill level 1 in Fire Magic
  2104 | D:2      | Reached skill level 1 in Ice Magic
  2104 | D:2      | Reached skill level 1 in Air Magic
  2104 | D:2      | Reached skill level 1 in Earth Magic
  2104 | D:2      | Reached skill level 1 in Poison Magic
  2454 | D:3      | Reached XP level 5. HP: 34/54 MP: 6/6
  2496 | D:3      | Slain by a gnoll

Illustrated notes

Levels and vault maps discovered:
D:1:      nagdon_arrival_zigzag_paths, layout_basic,
          shapermc_ecumenical_altar_notcrosses, serial_shops, shop
D:2:      minmay_evil_eye, layout_basic
D:3:      layout_basic, corexii_item_surrounded_by_moat, kennysheep_cross_room,
          interstate_on_off, hex_medium, minmay_misc_feat_four_crosses,
          minivault_14, uniq_robin, uniq_natasha

Skill      XL: |  1  2  3  4 |
---------------+-------------+-----
Fighting       | | 10.4
Invocations    | 1 |  1.5
Short Blades   | 1 |  1.3
Long Blades    | 1 |  1.3
Axes           | 1 |  1.3
Maces & Flails | 1 |  1.3
Staves         | 1 |  1.3
Slings         | 1 |  1.3
Bows           | 1 |  1.3
Crossbows      | 1 |  1.3
Stealth        | 1 |  1.3
Shields        | 1 |  1.3
Unarmed Combat | 1 |  1.3
Spellcasting   | 1 |  1.3
Evocations     | 1 |  1.3
Conjurations   | 1 |  1.1
Hexes          | 1 |  1.1
Summonings     | 1 |  1.1
Necromancy     | 1 |  1.1
Translocations | 1 |  1.1
Transmutations | 1 |  1.1
Fire Magic     | 1 |  1.1
Ice Magic      | 1 |  1.1
Air Magic      | 1 |  1.1
Earth Magic    | 1 |  1.1
Poison Magic   | 1 |  1.1
Polearms       | |  2.9
Throwing       | |  4.7
Armour         | |  2.9
Dodging        | |  2.9

Action                   |  1- 3 |  4- 6 || total
-------------------------+-------+-------++-------
Melee: Spear             |   115 |   125 ||   240
       Bite              |     8 |     9 ||    17
 Fire: Hunting sling     |       |     1 ||     1
  Use: Scroll            |     1 |       ||     1
       Potion            |       |     2 ||     2
 Stab: Distracted        |     1 |       ||     1
Armor: Ring mail         |    35 |    69 ||   104
Dodge: Dodged            |    57 |    56 ||   113

Table legend: (Time is in decaauts)
 A = Elapsed time spent in this place.
 B = Non-inter-level travel time spent in this place.
 C = Inter-level travel time spent in this place.
 D = Time resting spent in this place.
 E = Time spent auto-exploring this place.
 F = Levels seen in this place.
 G = Mean time per level.
                   A        B        C        D        E       F      G
               +--------+--------+--------+--------+--------+-----+--------+
         Total |   2492 |   2386 |    106 |    152 |   1770 |   3 |  830.7 |
       Dungeon |   2492 |   2386 |    106 |    152 |   1770 |   3 |  830.7 |
               +--------+--------+--------+--------+--------+-----+--------+

Top non-repeatable levels by time:
     D:1: 1065 daAuts
     D:2: 952 daAuts
     D:3: 474 daAuts
